 Dungeon Crawl Stone Soup version 0.30.0-19-g36f170ea60 (webtiles) character file.

Game seed: 17211657630654463410

17157 monsoonserge the Frost Mage (level 12, 0/86 HPs)
             Began as a Merfolk Ice Elementalist on May 28, 2023.
             Was an Elder of Vehumet.
             Engulfed by an ice statue's freezing vapour (3 damage)
             ... in an ice cave.
             The game lasted 01:25:23 (14557 turns).

monsoonserge the Frost Mage (MfIE)                 Turns: 14557, Time: 01:25:23

Health: 0/86       AC: 12    Str: 10    XL:     12   Next: 45%
Magic:  18/30      EV: 16    Int: 28    God:    Vehumet [****..]
Gold:   1898       SH: 10    Dex: 16    Spells: 1/23 levels left

rFire   . . .        j - +1 scimitar (flame)
rCold   + + .        U - +0 kite shield "Axokkeog" {Int+2}
rNeg    . . .        F - +3 leather armour {rPois}
rPois   +            y - +0 helmet
rElec   .            v - +1 cloak of Starlight {*Dazzle EV+4 Stlth--}
rCorr   .            K - +0 pair of gloves
SInv    .            r - +0 pair of boots
Will    .....        Y - amulet of Romos {rC++ Regen+ Str+2 Dex+2 Stlth-} Stlth
                     d - ring of magical power
HPRegen 1.14/turn    E - +6 ring of intelligence
MPRegen 0.22/turn

%: no passive effects
@: studying Staves
A: (nimble swimmer 2), mertail
a: Renounce Religion


You were in an ice cave.
You worshipped Vehumet.
Vehumet was greatly pleased with you.
You visited 2 branches of the dungeon, and saw 13 of its levels.
You also visited: Bailey and Ice Cave.

You collected 2010 gold pieces.
You spent 112 gold pieces at shops.

Inventory:

Hand Weapons
 j - a +1 scimitar of flaming (weapon)
 o - a +3 long sword
 z - a +2 short sword of electrocution
 V - a +5 great sword of freezing
Missiles
 k - 24 poisoned darts
 B - 4 javelins
 D - 2 throwing nets
 I - 4 atropa-tipped darts
 M - a silver javelin
 N - 7 boomerangs (quivered)
Armour
 r - a +0 pair of boots (worn)
 v - the +1 cloak of Starlight (worn) {*Dazzle EV+4 Stlth--}
   (You acquired it in a bailey)

   *Dazzle:   It may blind those who miss an attack against the wearer in melee
   combat.
   EV:        It affects your evasion (+4).
   Stlth:     It makes you much less stealthy.
 x - a +2 chain mail of fire resistance
 y - a +0 helmet (worn)
 F - a +3 leather armour of poison resistance (worn)
 K - a +0 pair of gloves (worn)
 U - the +0 kite shield "Axokkeog" (worn) {Int+2}
   (You found it on level 9 of the Dungeon)

   Int:       It affects your intelligence (+2).
Magical Staves
 n - a staff of fire
 L - a staff of cold
Jewellery
 d - a ring of magical power (left hand)
 i - a ring of fire
 A - a +5 ring of evasion
 E - a +6 ring of intelligence (right hand)
 T - a ring of willpower
 Y - the amulet of Romos (around neck) {rC++ Regen+ Str+2 Dex+2 Stlth-}
   (You acquired it in a bailey)

   [amulet of regeneration]

   Str:       It affects your strength (+2).
   Dex:       It affects your dexterity (+2).
   rC:        It greatly protects you from cold.
   Regen:     It increases your rate of health regeneration.
   Stlth:     It makes you less stealthy.
Wands
 C - a wand of paralysis (17)
 O - a wand of iceblast (3)
 S - a wand of mindburst (14)
Scrolls
 e - 3 scrolls of poison
 f - 5 scrolls of fear
 l - a scroll of enchant weapon {unknown}
 p - 5 scrolls of teleportation
 q - 2 scrolls of amnesia
 t - 5 scrolls of enchant armour
 w - 6 scrolls of fog
 G - a scroll of torment {unknown}
 J - 3 scrolls of blinking
 P - a scroll of immolation {unknown}
 Q - a scroll of brand weapon {unknown}
 W - 2 scrolls of butterflies {unknown}
Potions
 a - 2 potions of flight {unknown}
 b - 4 potions of magic
 c - 3 potions of curing
 g - 3 potions of berserk rage
 h - a potion of haste
 m - 3 potions of might
 s - 6 potions of lignification
 H - a potion of brilliance {unknown}
 R - a potion of mutation {unknown}
 X - 2 potions of invisibility {unknown}
 Z - a potion of attraction {unknown}


   Skills:
 + Level 5.2 Fighting
 + Level 4.1(6.9) Short Blades
 + Level 8.7(9.1) Long Blades
 + Level 1.6 Throwing
 + Level 4.3 Armour
 + Level 6.9 Dodging
 + Level 3.3 Stealth
 + Level 4.8 Shields
 * Level 6.4 Spellcasting
 * Level 1.9 Conjurations
 - Level 2.0 Hexes
 + Level 5.6 Summonings
 - Level 4.0 Translocations
 + Level 12.0 Ice Magic
 - Level 1.0 Air Magic
 * Level 0.8 Poison Magic


You had one spell level left.
You knew the following spells:

 Your Spells              Type           Power      Damage    Failure   Level
a - Freeze                Ice            100%       1d10      1%          1
b - Frozen Ramparts       Ice            100%       1d16      1%          3
c - Ozocubu's Armour      Ice            66%        N/A       1%          3
d - Summon Ice Beast      Ice/Summ       55%        N/A       9%          4
e - Blink                 Tloc           62%        N/A       9%          2
f - Ensorcelled Hibernat  Hex/Ice        96%        N/A       2%          2
g - Iskenderun's Mystic   Conj/Tloc      25%        2d7       24%         4
h - Mephitic Cloud        Conj/Pois/Air  15%        N/A       16%         3

Your spell library contained the following spells:

 Spells                   Type           Power      Damage    Failure   Level
 Summon Small Mammal      Summ           100%       N/A       3%          1
 Apportation              Tloc           62%        N/A       6%          1
 Necrotise                Necr           32%        1d5       30%         1
 Momentum Strike          Conj/Tloc      50%        3d9       4%          2
 Lesser Beckoning         Tloc           62%        N/A       9%          2
 Dazzling Flash           Conj/Hex       38%        N/A       11%         3
 Volatile Blastmotes      Fire/Tloc      40%        2d13      11%         3
 Metabolic Englaciation   Hex/Ice        24%        N/A       43%         5
 Spider Form              Tmut/Pois      11%        N/A       61%         3
 Cause Fear               Hex            10%        N/A       80%         4
 Anguish                  Hex/Necr       7%         N/A       90%         4
 Animate Dead             Necr           8%         N/A       97%         4
 Simulacrum               Ice/Necr       21%        N/A       99%         6
 Starburst                Conj/Fire      7%         6d4       99%         6
 Enfeeble                 Hex            10%        N/A       100%        7
 Haunt                    Necr/Summ      12%        N/A       100%        7
 Infestation              Necr           4%         N/A       100%        8


Dungeon Overview and Level Annotations

Branches:
Dungeon (12/15)            Temple (1/1) D:5            Lair (0/5) D:11
    Orc (0/2) D:10         Bailey (visited)           IceCv (1/1)

Altars:
Ashenzari
Cheibriados
Dithmenos
Elyvilon
Fedhas
Gozag
Hepliaklqana
Kikubaaqudgha
Makhleb
Nemelex Xobeh
Okawaru
Qazlal
Ru
Sif Muna
Trog
Uskayaw
Vehumet
Wu Jian
Xom
Yredelemnul
Zin
The Shining One

Shops:
D:9 [[?!   D:10 (

Annotations:
D:9 2 transporters IceCv exclusion: ice statue


Innate Abilities, Weirdness & Mutations

((You are very nimble when in or above water. (Stealth+, EV+, Speed+++)))
Your lower body shifts to a powerful aquatic tail in water.


Message History

Your ice beast disappears in a puff of smoke!
You are engulfed in freezing vapours.
You resist.
* * * LOW HITPOINT WARNING * * *
You block the ice beast's attack. The ice statue gestures at you.
You block the shard of ice.
Casting: Iskenderun's Mystic Blast (dangerous; 24% risk of failure)
Confirm with . or Enter, or press ? or * to list all spells.
You erupt in a blast of force!
The mystic blast hits the ice beast.
The ice beast is moderately wounded.
The ice beast is knocked back by the mystic blast.
The ice beast slams into the ice covered rock wall!
The ice beast is heavily wounded.
The mystic blast hits the ice beast but does no damage.
The ice beast is lightly wounded.
The mystic blast hits the ice beast!
The ice beast is moderately wounded.
The ice beast is knocked back by the mystic blast.
The mystic blast hits the ice statue but does no damage.
The ice statue is almost destroyed.
You are engulfed in freezing vapours.
You resist.
* * * LOW HITPOINT WARNING * * *
The ice statue gestures at you. The bolt of cold hits you! You resist.
* * * LOW HITPOINT WARNING * * *
The bolt of cold hits the ice beast.
The ice beast completely resists.
Press: ? - help, v - describe, . - travel, g - get item
Here: an ice statue (freezing vapour, almost destroyed) Item here: a scroll of identify.
The floor.
Casting: Iskenderun's Mystic Blast (dangerous; 24% risk of failure)
Confirm with . or Enter, or press ? or * to list all spells.
You erupt in a blast of force!
The mystic blast hits the ice beast!
The ice beast is severely wounded.
The mystic blast hits the ice statue.
The ice statue is almost destroyed.
The mystic blast hits the ice beast.
The ice beast is moderately wounded.
You are engulfed in freezing vapours.
You resist.
You die...

##.....## ##...##
#...## ##...#
##...# #.°.##
####○○.####
##8#.°○..#?##
#○°@°°......#
#....Y°.......#
#..°Y°°.......#
#...............#
#Y..............#
#.......⌠.......#
#...............#
#...............#


You could see an ice statue and 3 ice beasts.

Vanquished Creatures
  An orc warlord (Bailey)
  Erica (D:10)
  A boulder beetle (D:11)
  2 two-headed ogres
  Pikel (D:7)
  An orc knight (Bailey)
  An ice statue (IceCv)
  Joseph (D:7)
  A kobold demonologist (D:11)
  A komodo dragon (D:11)
  An ice devil (IceCv)
  An unseen horror (D:12)
  2 hornets
  Prince Ribbit (D:6)
  A troll (D:10)
  Grinder (D:5)
  2 wyverns (D:11)
  A vampire (D:10)
  A wraith (D:12)
  14 yaks
  A basilisk (D:11)
  Edmund (D:4)
  5 water moccasins
  20 orc warriors
  An ice beast (D:7)
  A sky beast (D:7)
  3 ogres
  3 centaurs
  2 phantoms (D:6)
  The ghost of BlasphemerAmon the Sneak, an amateur OpBr (D:3)
  3 kobold brigands
  2 nameless horrors (D:9)
  4 bullfrogs
  A gnoll sergeant (D:11)
  A scorpion (D:5)
  A cane toad simulacrum (IceCv)
  A two-headed ogre simulacrum (IceCv)
  16 wights
  10 killer bees
  An elephant simulacrum (IceCv)
  A howler monkey (D:7)
  Crazy Yiuf (D:6)
  2 hounds
  A gnoll bouda (D:3)
  A jelly (D:6)
  7 orc priests
  2 sleepcaps (D:6)
  6 orc wizards
  8 iguanas
  A spriggan simulacrum (IceCv)
  Robin (D:3)
  18 gnolls
  12 adders
  A white imp (IceCv)
  3 ufetubi
  2 worms (D:3)
  A dart slug (D:2)
  44 orcs
  4 endoplasms (D:1)
  3 giant cockroaches
  26 goblins
  17 hobgoblins
  19 kobolds
  3 quokkas (D:1)
  3 training dummies (D:10)
  5 ball pythons
  3 bats
  A frilled lizard (D:3)
  4 rats
314 creatures vanquished.

Vanquished Creatures (collateral kills)
  A two-headed ogre (D:9)
  Psyche (D:9)
  A yak (D:11)
  A wight (D:9)
  A killer bee (D:9)
  A polar bear simulacrum (IceCv)
  4 gnolls
  2 goblins (Bailey)
12 creatures vanquished.

Grand Total: 326 creatures vanquished

Notes
Turn   | Place    | Note
-------+----------+-------------------------------------------
     0 | D:1      | monsoonserge the Merfolk Ice Elementalist began the quest
                  | for the Orb.
     0 | D:1      | Reached XP level 1. HP: 13/13 MP: 3/3
   236 | D:1      | Reached XP level 2. HP: 19/19 MP: 5/5
   528 | D:1      | You fall into a shaft and drop 1 floor!
   591 | D:2      | Reached skill level 1 in Armour
   591 | D:2      | Reached XP level 3. HP: 24/24 MP: 6/6
   603 | D:2      | Learned a level 3 spell: Frozen Ramparts
   678 | D:2      | Reached skill level 5 in Ice Magic
  1248 | D:1      | Found a faded altar of an unknown god.
  1635 | D:3      | Found a transporter.
  1644 | D:3      | Noticed BlasphemerAmon's ghost (amateur OpBr)
  1677 | D:3      | Reached XP level 4. HP: 26/30 MP: 7/7
  1735 | D:3      | Learned a level 3 spell: Ozocubu's Armour
  2009 | D:3      | Found a transporter.
  2116 | D:3      | Noticed Robin
  2132 | D:3      | Killed Robin
  2133 | D:3      | Reached XP level 5. HP: 13/35 MP: 9/9
  2832 | D:4      | Noticed Edmund
  2849 | D:4      | Killed Edmund
  2850 | D:4      | Reached skill level 1 in Fighting
  2850 | D:4      | Reached skill level 1 in Short Blades
  2850 | D:4      | Reached skill level 1 in Long Blades
  2850 | D:4      | Reached XP level 6. HP: 3/43 MP: 0/10
  3589 | D:4      | Reached skill level 6 in Ice Magic
  3664 | D:5      | Entered Level 5 of the Dungeon
  3664 | D:5      | Noticed Grinder
  3702 | D:4      | Learned a level 4 spell: Summon Ice Beast
  4001 | D:5      | Found a staircase to the Ecumenical Temple.
  4023 | Temple   | Entered the Ecumenical Temple
  4317 | Temple   | Became a worshipper of Vehumet
  4603 | D:6      | Noticed an orc warrior
  4608 | D:6      | Reached XP level 7. HP: 49/49 MP: 11/11
  4614 | D:6      | Reached skill level 1 in Summonings
  4978 | D:6      | Noticed Prince Ribbit
  5002 | D:6      | Killed Prince Ribbit
  5003 | D:6      | Reached skill level 7 in Ice Magic
  5003 | D:6      | Reached XP level 8. HP: 39/56 MP: 14/14
  5400 | D:6      | Reached skill level 1 in Shields
  5561 | D:6      | Found a runed translucent door.
  5562 | D:6      | Noticed Crazy Yiuf
  5858 | D:6      | Killed Crazy Yiuf
  5934 | D:7      | Noticed a hornet
  6140 | D:7      | Reached XP level 9. HP: 61/61 MP: 15/15
  6333 | D:7      | Reached * piety under Vehumet
  6333 | D:7      | Offered knowledge of Shock by Vehumet.
  6334 | D:7      | Reached skill level 8 in Ice Magic
  6339 | D:7      | Learned a level 2 spell: Blink
  6353 | D:7      | Killed a hornet
  6382 | D:7      | Noticed Joseph
  6394 | D:7      | Killed Joseph
  6576 | D:7      | Reached skill level 1 in Translocations
  6668 | D:7      | Reached skill level 5 in Dodging
  6764 | D:7      | Noticed Pikel
  6779 | D:7      | Killed Pikel
  7222 | D:7      | Reached skill level 9 in Ice Magic
  7381 | D:7      | Reached XP level 10. HP: 48/69 MP: 16/16
  7652 | D:8      | Noticed a nameless horror
  7882 | D:5      | Paralysed by Grinder for 2 turns
  7888 | D:5      | Killed Grinder
  7889 | D:5      | Reached skill level 1 in Throwing
  8326 | D:3      | Reached skill level 5 in Summonings
  8399 | D:3      | Killed BlasphemerAmon's ghost
  8627 | D:9      | Identified the +0 kite shield "Axokkeog" {Int+2}
  8711 | D:9      | Noticed a two-headed ogre
  8783 | D:9      | Noticed a centaur warrior
  8785 | D:9      | Found a transporter.
  8785 | D:9      | Noticed a boulder beetle
  8785 | D:9      | Noticed a green ugly thing
  8786 | D:9      | Found a transporter.
  8792 | D:9      | Noticed a cyclops
  9904 | D:8      | Reached skill level 10 in Ice Magic
  9908 | D:8      | Found an ornate altar of the Wu Jian Council.
 10076 | D:9      | Found Ellaarer's Distillery.
 10133 | D:9      | Killed a two-headed ogre
 10149 | D:9      | Noticed Psyche
 10156 | D:9      | Killed Psyche
 10282 | D:9      | Found Dennonwi's Magic Scroll Boutique.
 10292 | D:9      | Bought a scroll of blinking for 112 gold pieces
 10697 | D:9      | Reached XP level 11. HP: 76/77 MP: 17/17
 10824 | D:9      | Found Biyk's Armour Shoppe.
 10888 | D:9      | Reached ** piety under Vehumet
 10893 | D:9      | Offered knowledge of Sandblast by Vehumet.
 10895 | D:9      | Found Gajavar's Antique Armour Shop.
 11076 | D:9      | Noticed a great orb of eyes
 11097 | D:10     | Entered Level 10 of the Dungeon
 11132 | D:10     | Noticed Erica
 11148 | D:10     | HP: 2/77 [something (2)]
 11152 | D:10     | Killed Erica
 11153 | D:10     | Reached skill level 5 in Long Blades
 11478 | D:10     | Found a flagged portal.
 11482 | D:10     | Reached skill level 11 in Ice Magic
 11490 | Bailey   | Entered a bailey
 11614 | Bailey   | Offered knowledge of Scorch by Vehumet.
 11684 | Bailey   | Noticed an orc knight
 11693 | Bailey   | Killed an orc knight
 11850 | Bailey   | Reached *** piety under Vehumet
 11898 | Bailey   | Noticed an orc warlord
 12012 | Bailey   | Acquired 1214 gold pieces
 12014 | Bailey   | Acquired the amulet of Romos {rC++ Regen+ Str+2 Dex+2
                  | Stlth-}
 12021 | Bailey   | Acquired the +1 cloak of Starlight {*Dazzle EV+4 Stlth--}
 12021 | Bailey   | Found the +1 cloak of Starlight {*Dazzle EV+4 Stlth--}
 12037 | Bailey   | Learned a level 2 spell: Ensorcelled Hibernation
 12165 | Bailey   | Killed an orc warlord
 12166 | Bailey   | Reached skill level 1 in Hexes
 12417 | D:10     | Found Eczyar's Firing Range.
 12509 | D:10     | Offered knowledge of Ignite Poison by Vehumet.
 12536 | D:10     | Found a staircase to the Orcish Mines.
 12623 | D:10     | Noticed a two-headed ogre
 12635 | D:10     | Killed a two-headed ogre
 13186 | D:11     | Noticed a two-headed ogre
 13242 | D:11     | Noticed a boulder beetle
 13310 | D:11     | Reached **** piety under Vehumet
 13317 | D:11     | Learned a level 4 spell: Iskenderun's Mystic Blast
 13422 | D:11     | Reached skill level 5 in Spellcasting
 13574 | D:11     | Found a staircase to the Lair.
 13592 | D:11     | Reached skill level 1 in Conjurations
 13592 | D:11     | Reached XP level 12. HP: 81/84 MP: 19/19
 13597 | D:11     | Offered knowledge of Mephitic Cloud by Vehumet.
 13599 | D:11     | Reached skill level 5 in Fighting
 13632 | D:11     | Killed a boulder beetle
 13695 | D:11     | Killed a two-headed ogre
 14128 | D:12     | Found a frozen archway.
 14135 | D:12     | Learned a level 3 spell: Mephitic Cloud
 14157 | D:12     | Reached skill level 1 in Air Magic
 14161 | D:12     | Reached skill level 12 in Ice Magic
 14380 | IceCv    | Entered an ice cave
 14556 | IceCv    | HP: 3/86 [ice statue/bolt of cold (8)]
 14557 | IceCv    | Engulfed by an ice statue's freezing vapour

Illustrated notes

Levels and vault maps discovered:
D:1:      mrwooster_arrival_statue_3, layout_basic,
          ebering_ecumenical_altar_abandoned
D:2:      layout_basic, interstate_on_off, minmay_stone_trees_small
D:3:      layout_loops_ring, gammafunk_ghost_gnarly_gnolls,
          corexii_hall_statues_x, grunt_ministairs_14, uniq_robin
D:4:      layout_gridville, hangedman_abyss_or_decor_stabs, uniq_edmund
D:5:      layout_loops_corners, minmay_temple_entry_grid, uniq_grinder
D:6:      layout_loops_ring, grunt_ministairs_8, uniq_crazy_yiuf_cottage,
          uniq_prince_ribbit1
D:7:      layout_basic, chequers_mini_garden, feat_on_display, uniq_joseph,
          uniq_pikel
D:8:      layout_basic, pdpol_wu_jian_five_deadly_venoms
D:9:      gammafunk_sealed_arena, layout_grid_maze, serial_shops,
          nicolae_shop_hallway_plus, shop, nicolae_shop_tiny_real_fake_doors,
          nicolae_lakefront_shop, uniq_psyche
D:10:     layout_loops_corners, hiddenorc1_lemuel, enter_bailey_7,
          nicolae_shop_firing_range, uniq_erica
D:11:     layout_basic, minmay_lair_entry_grove
D:12:     kennysheep_snake, layout_basic, portal_ice_cave_entry_pillars_2
Temple:   roderic_octagonal_lattice_temple
IceCv:    ice_cave_tombish

Skill      XL: |  1  2  3  4  5  6  7  8  9 10 11 12 |
---------------+-------------------------------------+-----
Armour         | 1 2 3 4 |  4.3
Ice Magic      | 5 6 7 9 10 11 12 | 12.0
Dodging        | 3 4 5 6 |  6.9
Spellcasting   | 3 4 5 6 |  6.4
Fighting       | 1 2 4 5 |  5.2
Short Blades   | 1 2 3 4 |  4.1
Long Blades    | 1 4 7 8 |  8.7
Stealth        | 3 |  3.3
Summonings     | 2 3 4 5 |  5.6
Shields        | 2 4 |  4.8
Translocations | 2 3 4 |  4.0
Throwing       | 1 |  1.6
Hexes          | 2 |  2.0
Conjurations   | 1 |  1.9
Air Magic      | 1 |  1.0
Poison Magic   | |  0.8

Action                     |  1- 3 |  4- 6 |  7- 9 | 10-12 || total
---------------------------+-------+-------+-------+-------++-------
  Melee: Unarmed           |    25 |       |       |       ||    25
         Punch             |     2 |       |       |       ||     2
         Dagger            |    11 |       |       |       ||    11
         Short sword       |     7 |    38 |    94 |    39 ||   178
         Great sword       |     6 |    13 |       |   209 ||   228
         Spear             |       |       |       |    18 ||    18
         Long sword        |       |       |       |    13 ||    13
         Scimitar          |       |       |       |    67 ||    67
  Throw: Javelin           |       |       |     1 |       ||     1
         Dart              |       |       |     4 |    10 ||    14
         Boomerang         |       |       |     1 |    10 ||    11
   Cast: Freeze            |    39 |    44 |    35 |    17 ||   135
         Frozen Ramparts   |     1 |    14 |    22 |    59 ||    96
         Ozocubu's Armour  |       |     3 |    10 |    45 ||    58
         Summon Ice Beast  |       |       |       |    18 ||    18
         Iskenderun's Myst |       |       |       |     5 ||     5
  Evoke: Wand              |       |       |       |     1 ||     1
    Use: Scroll            |       |       |       |    16 ||    16
         Potion            |       |       |       |     6 ||     6
   Stab: Sleeping          |     4 |     6 |     2 |     2 ||    14
         Invisible         |       |       |       |     8 ||     8
         Distracted        |       |       |       |     1 ||     1
 Armour: Leather armour    |    21 |    13 |    48 |   148 ||   230
  Dodge: Dodged            |    42 |    78 |    60 |   242 ||   422
  Block: Kite shield       |       |       |    50 |    65 ||   115
